 Dungeon Crawl Stone Soup version 0.28-a0-804-g60983d4ba9 (webtiles) character file.

Game seed: 3508480896137712916

167028 frimble the Peltast (level 17, -23/175 HPs)
             Began as a Troll Warper on Nov 8, 2021.
             Was a High Priest of Cheibriados.
             Killed from afar by a deep elf annihilator (54 damage)
             ... with a poison arrow
             ... on level 3 of the Elven Halls.
             The game lasted 00:44:04 (23056 turns).

frimble the Peltast (Troll Warper)                 Turns: 23056, Time: 00:44:05

Health: -23/175    AC: 17    Str: 35    XL:     17   Next: 30%
Magic:  22/22      EV: 14    Int: 23    God:    Cheibriados [*****.]
Gold:   2246       SH: 22    Dex: 25    Spells: 15/18 levels left

rFire   . . .      SeeInvis .     - Unarmed
rCold   . . .      Faith    .   u - +0 tower shield
rNeg    . . .      Spirit   .   P - +4 troll leather armour
rPois   .          Reflect  .   (helmet restricted)
rElec   .          Harm     .   S - +2 cloak of the First Knives {Will++ Int-3 Dex+4}
rCorr   .          Rampage  .   (gloves unavailable)
Will    +++..                   (boots unavailable)
Stlth   ++........              z - amulet of regeneration
HPRegen 3.39/turn               y - +4 ring of slaying
MPRegen 0.18/turn               s - +4 ring of protection

@: lethally poisoned (-23 -> -24), about to teleport, studying Transmutations,
very slow
A: large, unfitting armour, claws 3, regeneration 1, shaggy fur 1, tough skin 1
a: Renounce Religion, Bend Time, Temporal Distortion, Slouch, Step From Time


You were on level 3 of the Elven Halls.
You worshipped Cheibriados.
Cheibriados was extremely pleased with you.
You visited 5 branches of the dungeon, and saw 27 of its levels.
You also visited: Bailey and Gauntlet.

You collected 4016 gold pieces.
You spent 1770 gold pieces at shops.

Inventory:

Missiles
 c - 5 boomerangs of dispersal
 p - 14 javelins
 D - 2 throwing nets
 G - 4 large rocks
 J - 44 boomerangs (quivered)
Armour
 u - a +0 tower shield (worn)
 P - a +4 troll leather armour (worn)
 S - the +2 cloak of the First Knives (worn) {Will++ Int-3 Dex+4}
   (You found it in a Gauntlet)

   Int:       It affects your intelligence (-3).
   Dex:       It affects your dexterity (+4).
   Will:      It greatly increases your willpower.
Jewellery
 q - a ring of protection from fire
 s - a +4 ring of protection (right claw)
 t - a ring of resist corrosion
 y - a +4 ring of slaying (left claw)
 z - an amulet of regeneration (around neck)
 A - a ring of fire
 B - a ring of ice
 C - a ring of willpower
 I - the amulet "Acruebi" {RegenMP rCorr MP-9 Int+2}
   (You found it on level 3 of the Lair of Beasts)

   [amulet of magic regeneration]

   It increases your rate of magic regeneration.
   Int:       It affects your intelligence (+2).
   MP:        It affects your magic capacity (-9).
   rCorr:     It protects you from acid and corrosion.
 R - a ring of poison resistance
 U - a +6 ring of intelligence
Wands
 d - a wand of charming (4)
 e - a wand of paralysis (28)
 m - a wand of flame (86)
 H - a wand of digging (15)
 N - a wand of acid (12)
 Z - a wand of polymorph (10)
Scrolls
 a - 3 scrolls of enchant armour
 b - a scroll of blinking
 g - 4 scrolls of teleportation
 h - 2 scrolls of torment
 k - 2 scrolls of silence
 n - 3 scrolls of immolation
 v - 4 scrolls of amnesia
 w - 9 scrolls of identify
 L - 4 scrolls of holy word
 O - 4 scrolls of fear
 T - a scroll of fog
 V - a scroll of summoning
Potions
 f - 5 potions of lignification
 i - 5 potions of might
 j - 4 potions of mutation
 l - 6 potions of curing
 o - 2 potions of heal wounds
 r - 2 potions of cancellation
 x - 2 potions of magic
 E - 3 potions of brilliance
 F - 8 potions of flight
 M - 3 potions of ambrosia
 Q - 2 potions of attraction
 W - a potion of invisibility
 X - a potion of resistance


   Skills:
 + Level 12.5 Fighting
 - Level 8.5 Throwing
 - Level 4.0 Armour
 - Level 6.0 Dodging
 - Level 15.0 Shields
 + Level 12.8 Unarmed Combat
 - Level 1.2 Spellcasting
 + Level 8.1 Translocations
 + Level 8.1 Invocations
 - Level 5.0 Evocations


You had 15 spell levels left.
You knew the following spells:

 Your Spells              Type           Power      Damage    Failure   Level
a - Blink                 Tloc           76%        N/A       1%          2
b - Apportation           Tloc           76%        N/A       1%          1

Your spell library contained the following spells:

 Spells                   Type           Power      Damage    Failure   Level
 Gell's Gravitas          Tloc           38%        N/A       1%          3
 Lesser Beckoning         Tloc           38%        N/A       1%          3
 Teleport Other           Tloc           38%        N/A       1%          3
 Passage of Golubria      Tloc           38%        N/A       5%          4
 Portal Projectile        Hex/Tloc       40%        N/A       9%          3
 Manifold Assault         Tloc           38%        N/A       14%         5
 Foxfire                  Conj/Fire      4%         2x1d4     16%         1
 Magic Dart               Conj           4%         1d3       16%         1
 Sandblast                Erth           2%         2d4       16%         1
 Slow                     Hex            4%         N/A       16%         1
 Ensorcelled Hibernation  Hex/Ice        2%         N/A       22%         2
 Passwall                 Tmut/Erth      0%         N/A       22%         2
 Searing Ray              Conj           2%         2d4       22%         2
 Static Discharge         Conj/Air       1%         N/A       22%         2
 Sublimation of Blood     Necr           1%         N/A       22%         2
 Call Canine Familiar     Summ           1%         N/A       41%         3
 Confusing Touch          Hex            1%         N/A       41%         3
 Dazzling Flash           Conj/Hex       2%         N/A       41%         3
 Inner Flame              Hex/Fire       1%         N/A       41%         3
 Spider Form              Tmut/Pois      1%         N/A       41%         3
 Stone Arrow              Conj/Erth      2%         3d7       41%         3
 Swiftness                Air            1%         N/A       41%         3
 Dispel Undead            Necr           1%         3d6       83%         4
 Fulminant Prism          Conj/Hex       0%         3d6       83%         4
 Hailstorm                Conj/Ice       1%         3d3       83%         4
 Ice Form                 Ice/Tmut       1%         N/A       83%         4
 Leda's Liquefaction      Hex/Erth       0%         N/A       83%         4
 Sticky Flame             Conj/Fire      1%         2d3       83%         4
 Alistair's Intoxication  Tmut/Pois      0%         N/A       99%         5
 Freezing Cloud           Conj/Ice/Air   0%         6-21      99%         5
 Lee's Rapid Deconstruct  Erth           0%         3d5*      99%         5
 Yara's Violent Unravell  Hex/Tmut       0%         3d3       99%         5
 Invisibility             Hex            0%         N/A       100%        6
 Simulacrum               Ice/Necr       0%         N/A       100%        6
 Starburst                Conj/Fire      0%         6d3       100%        6
 Statue Form              Tmut/Erth      0%         N/A       100%        6
 Malign Gateway           Summ/Tloc      10%        N/A       100%        7
 Death's Door             Necr           0%         N/A       100%        9
 Polar Vortex             Ice            0%         N/A       100%        9


Dungeon Overview and Level Annotations

Branches:
Dungeon (15/15)            Temple (1/1) D:6            Lair (6/6) D:8
  Swamp (0/4) Lair:4        Snake (0/4) Lair:4        Slime (0/5) Lair:5
    Orc (2/2) D:9             Elf (3/3) Orc:2        Vaults (0/5) D:14
 Depths (0/4) D:15         Bailey (visited)         Gauntlet (visited)

Altars:
Ashenzari
Cheibriados
Dithmenos
Elyvilon
Fedhas
Gozag
Hepliaklqana
Kikubaaqudgha
Makhleb
Nemelex Xobeh
Okawaru
Qazlal
Ru
Sif Muna
Trog
Uskayaw
Vehumet
Wu Jian
Xom
Yredelemnul
Zin
The Shining One
Jiyva
Lugonu

Shops:
D:4 ****   Orc:2 *?![   Elf:2 *(*(   Elf:3 :

Portals:
Abyss: Lair:6

Annotations:
Lair:4 2 transporters, Starbright's ghost, journeyman DjWr
Elf:1 6 runed translucent doors
Elf:2 3 runed translucent doors
Elf:3 2 transporters, Pooter's ghost, adept MiBe


Innate Abilities, Weirdness & Mutations

You are too large for most types of armour.
You have claws for hands.
Your natural rate of healing is unusually fast.
You are covered in fur. (AC +1)
You have tough skin. (AC +1)


Message History

Aim: a deep elf annihilator, wielding a +0 long sword (heavily wounded, 68% to hit)
You throw a boomerang.
The boomerang hits the deep elf annihilator!
The deep elf annihilator is severely wounded.
The deep elf annihilator gestures at you while chanting.
The iron shot hits you!!
Throw: 44 boomerangs
Press: ? - help, Q - select action, (/) - cycle Shift-Dir - straight line, f/p - deep elf annihilator
Aim: a deep elf annihilator, wielding a +0 long sword (severely wounded, 68% to hit)
You throw a boomerang.
The boomerang barely misses the deep elf annihilator.
You are no longer corroded.
The deep elf annihilator gestures at you while chanting.
The bolt of lightning hits you! The bolt of lightning hits you!!
You closely miss the deep elf annihilator.
The deep elf annihilator is severely wounded.
A deep elf demonologist comes into view.
It is wielding a +0 long sword.
The deep elf annihilator gestures at you while chanting.
The crystal spear hits you!
* * * LOW HITPOINT WARNING * * *
You claw the deep elf annihilator!
The deep elf annihilator is almost dead.
The deep elf annihilator gestures at you while chanting.
The iron shot misses you.
As you read the scroll of teleportation, it crumbles to dust.
You feel strangely unstable.
The deep elf annihilator casts a spell.
The deep elf annihilator blinks!
You closely miss the deep elf annihilator.
The deep elf annihilator is almost dead.
The deep elf annihilator gestures at you while chanting.
The bolt of lightning hits you!!
* * * LOW HITPOINT WARNING * * *
The deep elf demonologist gestures wildly while chanting.
You mangle the deep elf annihilator!!
The deep elf annihilator is moderately wounded.
The deep elf annihilator points at you and mumbles some strange words.
The poison arrow hits you!!!
You are poisoned.
You die...

*,,,,**,,,.....#...#,,...#,,,*,,,
*,,,,,***,,,...#...#,,...#,,,*,,,
,,,,,,,,****,,...1.#,....#,,,*,,,
,,,,,,,,,,,****#...#,....#,,,*,,,
,,,****,,⌠,+,,,#e).#.....#,,,*,,,
,,** **,,,*,,,#...#.....',,,*,,,
,,* *,,,*,,,#...'.....#,,,*,,,
,,* *,,,*,,,#e..#.....#,,,*,,,
,,** **,,**,,,#@e.#.....#,,,*,,,
,,,****,,,*,,,*#...#,....#,,,*,,,
*,,,,,,,,**,,,*#...#,....#,,,*,,,
*,⌠,,,,,**,,,,*#...#,,...#,,,*,,,
*,,,,,***,,,,**#...#,,...#,,,*,,,
**+****,,,,,,* #...#,,,,,*,,,*,,,
,*,,,,,,,,,,** #...#,,,,,*,,,*,,,
,*,,,,,,,,*** #...#,,,,,*,,,+,,,
,*,,,,,**** #...#,,,,,*,,,*,,,


You could see a Tzitzimitl (summoned), 2 deep elf annihilators and a deep elf
demonologist.

Vanquished Creatures
  3 deep elf sorcerers
  A reaper (Gauntlet)
  A very ugly thing (D:15)
  4 deep elf demonologists (Elf:1)
  A deep elf annihilator (Elf:2)
  A minotaur (Gauntlet)
  Josephine (Orc:1)
  A deep elf high priest (Elf:2)
  Harold (D:8)
  Fannar (D:11)
  An ogre mage (D:14)
  4 boulder beetles
  A catoblepas (D:15)
  An anaconda (shapeshifter) (D:13)
  3 centaur warriors
  9 hydras
  A death knight (D:12)
  5 two-headed ogres
  Erica (Orc:1)
  18 dancing weapons
  8 tengu warriors
  Urug (Orc:1)
  A death yak (Lair:4)
  2 thrashing horrors (Lair:6)
  Sonja (D:11)
  18 deep elf knights
  Nergalle (Lair:1)
  9 skeletal warriors (D:15)
  A glowing orange brain (D:15)
  4 harpies (D:15)
  16 deep elf archers
  4 orc knights
  Pikel (D:8)
  20 deep elf pyromancers
  25 deep elf zephyrmancers
  An orc sorcerer (Orc:1)
  An orb spider (shapeshifter) (Lair:6)
  3 manticores
  26 ugly things
  5 oklob plants (Lair:3)
  2 cyclopes
  A moth of wrath (shapeshifter) (Lair:6)
  A salamander (shapeshifter) (D:13)
  12 elephants (Lair:5)
  Maurice (D:8)
  6 black mambas
  2 smoke demons (Lair:6)
  3 gargoyles
  16 cane toads
  8 rime drakes
  A torpor snail (Lair:4)
  A minotaur zombie (Gauntlet)
  3 freezing wraiths
  A hellwing (Gauntlet)
  A kobold demonologist (D:13)
  4 yaktaurs (D:14)
  7 komodo dragons
  2 efreet
  3 meliai (D:14)
  A queen bee (D:14)
  3 tyrant leeches (Lair:4)
  An ancient zyme (Lair:6)
  A jumping spider (shapeshifter) (Elf:3)
  A meliai (shapeshifter) (D:14)
  A polar bear (Lair:6)
  7 trolls
  25 blink frogs
  Grinder (D:5)
  A raiju (shapeshifter) (Elf:3)
  13 slime creatures
  A blink frog (shapeshifter) (D:15)
  6 dream sheep (Lair:4)
  A centaur simulacrum (D:14)
  3 air elementals
  3 shadows
  2 spriggans (Lair:6)
  7 wraiths
  4 fire elementals
  Sigmund (D:5)
  2 vampires (D:12)
  30 yaks
  3 water elementals
  Eustachio (D:5)
  8 wyverns
  8 basilisks
  A large abomination (Lair:6)
  A steam dragon (D:10)
  3 chaos spawn (Lair:6)
  4 vampire mosquitoes (D:13)
  A warg (Orc:2)
  An acid dragon (D:8)
  12 water moccasins
  10 small abominations (Lair:6)
  A meliai simulacrum (D:14)
  A black bear (D:5)
  44 orc warriors
  2 ice beasts (D:7)
  A sky beast (D:8)
  13 ogres
  16 centaurs
  9 wolves
  A boggart (D:14)
  4 necrophages
  A lemure (D:8)
  6 kobold brigands
  17 bullfrogs
  2 earth elementals (Elf:1)
  2 gnoll sergeants (D:10)
  6 scorpions
  18 wights
  11 killer bees (D:14)
  4 electric eels
  6 howler monkeys
  A lava snake (Lair:4)
  4 centaur zombies
  2 bullfrog zombies
  7 hounds
  11 orc priests
  4 jellies
  A human zombie (D:6)
  A bullfrog skeleton (D:6)
  2 centaur skeletons
  3 gnoll shamans
  An iguana (D:5)
  A scorpion zombie (D:3)
  9 orc wizards
  21 hell rats
  3 killer bee zombies (D:6)
  4 mummies (D:6)
  4 adders
  25 gnolls
  A howler monkey skeleton (D:7)
  An adder skeleton (D:4)
  An adder zombie (D:5)
  A worm (D:2)
  A dart slug (D:2)
  53 orcs
  8 endoplasms
  3 giant cockroaches
  10 goblins
  11 hobgoblins
  2 jackals
  24 kobolds
  4 quokkas
  5 ball pythons
  5 bats
  7 rats
  A bush (D:12)
857 creatures vanquished.

Vanquished Creatures (collateral kills)
  A tengu warrior (D:9)
  An orc (Bailey)
  A goblin (Bailey)
  2 kobolds (Bailey)
5 creatures vanquished.

Vanquished Creatures (others)
  A deep elf knight (Elf:1)
  A deep elf pyromancer (Elf:1)
  2 orc warriors (Bailey)
  An orc (Orc:1)
  49 fungi
  110 plants
164 creatures vanquished.

Grand Total: 1026 creatures vanquished

Notes
Turn   | Place    | Note
-------+----------+-------------------------------------------
     0 | D:1      | frimble the Troll Warper began the quest for the Orb.
     0 | D:1      | Reached XP level 1. HP: 19/19 MP: 1/1
   134 | D:1      | Reached XP level 2. HP: 28/28 MP: 2/2
   188 | D:1      | Learned a level 2 spell: Blink
   295 | D:1      | Reached XP level 3. HP: 35/35 MP: 3/3
   836 | D:2      | Found a faded altar of an unknown god.
  1330 | D:2      | Reached XP level 4. HP: 31/44 MP: 4/4
  1602 | D:2      | Reached XP level 5. HP: 33/50 MP: 5/5
  1814 | D:3      | Found a shimmering blue altar of Sif Muna.
  2533 | D:4      | Reached XP level 6. HP: 56/61 MP: 6/6
  2689 | D:4      | Found Xineiphu's General Store.
  2719 | D:4      | Identified the +7 quarterstaff of the Eternal Void {flame,
                  | Will+ Int+6}
  2783 | D:4      | Found Muneu's Neck Hole.
  2832 | D:4      | Found Ujuiwn's Specific Store.
  2834 | D:4      | Found Gibb's General Store.
  2970 | D:5      | Entered Level 5 of the Dungeon
  2970 | D:5      | Noticed Sigmund
  2977 | D:5      | Killed Sigmund
  2978 | D:5      | Reached XP level 7. HP: 28/68 MP: 7/7
  3085 | D:5      | Reached skill level 5 in Unarmed Combat
  3405 | D:5      | Noticed Eustachio
  3418 | D:5      | Killed Eustachio
  3419 | D:5      | Reached XP level 8. HP: 60/79 MP: 8/8
  3614 | D:5      | Reached skill level 5 in Fighting
  3731 | D:5      | Noticed Grinder
  3732 | D:5      | Paralysed by Grinder for 6 turns
  3743 | D:5      | Paralysed by Grinder for 2 turns
  3755 | D:5      | Killed Grinder
  3756 | D:5      | Reached skill level 5 in Translocations
  4288 | D:6      | Found a staircase to the Ecumenical Temple.
  4391 | D:4      | Bought an amulet of regeneration for 360 gold pieces
  4862 | D:6      | Reached XP level 9. HP: 89/89 MP: 9/9
  4870 | D:6      | Reached skill level 1 in Throwing
  4903 | D:6      | Found a basalt altar of Yredelemnul.
  4991 | Temple   | Entered the Ecumenical Temple
  5044 | Temple   | Became a worshipper of Cheibriados the Contemplative
  5137 | D:7      | Found a sparkling altar of Nemelex Xobeh.
  5371 | D:7      | Reached skill level 1 in Shields
  5428 | D:7      | Found a hide-covered altar of Uskayaw.
  5583 | D:8      | Reached skill level 2 in Shields
  5648 | D:8      | Noticed a troll
  5648 | D:8      | Noticed Pikel
  5659 | D:8      | Killed Pikel
  5668 | D:8      | Killed a troll
  5669 | D:8      | Reached XP level 10. HP: 43/100 MP: 10/10
  5671 | D:8      | Reached * piety under Cheibriados
  5706 | D:8      | Found a staircase to the Lair.
  5726 | D:8      | Reached skill level 3 in Shields
  5878 | D:8      | Noticed a purple ugly thing
  5889 | D:8      | Noticed Harold
  5892 | D:8      | Killed a purple ugly thing
  5897 | D:8      | Killed Harold
  5898 | D:8      | Reached skill level 4 in Shields
  5934 | D:8      | Reached skill level 5 in Throwing
  5962 | D:8      | Noticed Maurice
  5971 | D:8      | Killed Maurice
  5981 | D:8      | Found an iron altar of Okawaru.
  5988 | D:8      | Reached ** piety under Cheibriados
  6032 | D:8      | Reached skill level 1 in Invocations
  6035 | D:8      | Reached skill level 1 in Evocations
  6066 | D:8      | Noticed a manticore
  6083 | D:8      | Killed a manticore
  6342 | D:8      | Reached XP level 11. HP: 104/110 MP: 11/11
  6694 | D:9      | Noticed a tengu warrior
  6697 | D:9      | Noticed a tengu warrior
  6710 | D:9      | Killed a tengu warrior
  6731 | D:9      | Killed a tengu warrior
  6838 | D:9      | Found a staircase to the Orcish Mines.
  6851 | D:9      | Reached *** piety under Cheibriados
  6866 | D:9      | Found a stormy altar of Qazlal.
  6951 | D:9      | Found a flagged portal.
  6962 | Bailey   | Entered a bailey
  7027 | Bailey   | Learned a level 1 spell: Apportation
  7194 | Bailey   | Identified the +4 halberd "Ytaoxaqo" {spect, Str+4}
  7267 | Bailey   | Noticed an orc knight
  7269 | Bailey   | Reached **** piety under Cheibriados
  7292 | Bailey   | Killed an orc knight
  7293 | Bailey   | Reached skill level 5 in Shields
  7567 | D:9      | Found a bloodstained altar of Trog.
  7782 | D:10     | Entered Level 10 of the Dungeon
  7885 | D:10     | Found a white marble altar of Elyvilon.
  7888 | D:10     | Found a blossoming altar of Fedhas.
  7904 | D:10     | Found an ancient bone altar of Kikubaaqudgha.
  7996 | D:10     | Identified a scroll of acquirement
  7996 | D:10     | Acquired 939 gold pieces
  8465 | D:11     | Noticed a two-headed ogre
  8470 | D:11     | Noticed a boulder beetle
  8474 | D:11     | Killed a two-headed ogre
  8502 | D:11     | Killed a boulder beetle
  8503 | D:11     | Reached skill level 10 in Unarmed Combat
  8586 | D:11     | Noticed a boulder beetle
  8594 | D:11     | Noticed Fannar
  8605 | D:11     | Killed Fannar
  8605 | D:11     | Killed a boulder beetle
  8673 | D:11     | Reached ***** piety under Cheibriados
  9005 | D:11     | Noticed a two-headed ogre
  9019 | D:11     | Killed a two-headed ogre
  9020 | D:11     | Reached XP level 12. HP: 71/119 MP: 14/14
  9117 | D:12     | Noticed a two-headed ogre
  9129 | D:12     | Killed a two-headed ogre
  9131 | D:12     | Noticed a death knight
  9149 | D:11     | Noticed Sonja
  9155 | D:11     | Killed Sonja
  9442 | Lair:1   | Entered Level 1 of the Lair of Beasts
  9456 | Lair:1   | Reached skill level 1 in Armour
  9620 | Lair:1   | Noticed Nergalle
  9632 | Lair:1   | Killed Nergalle
  9910 | Lair:1   | Reached skill level 5 in Invocations
 10191 | Lair:2   | Noticed a boulder beetle
 10203 | Lair:2   | Killed a boulder beetle
 10231 | Lair:2   | Found a hide-covered altar of Uskayaw.
 11067 | Lair:3   | Identified the +1 ring mail "Vulegoro" {+Blink rPois}
 11087 | Lair:3   | Identified the amulet "Acruebi" {RegenMP rCorr MP-9 Int+2}
 11138 | Lair:3   | Reached skill level 6 in Shields
 12199 | Lair:4   | Reached XP level 13. HP: 124/127 MP: 15/15
 12241 | Lair:4   | Found a sparkling altar of Nemelex Xobeh.
 12259 | Lair:4   | Reached skill level 5 in Evocations
 12274 | Lair:4   | Reached skill level 5 in Dodging
 12459 | Lair:4   | Reached ****** piety under Cheibriados
 12514 | Lair:4   | Reached skill level 7 in Shields
 12528 | Lair:4   | Noticed Starbright's ghost (journeyman DjWr)
 12529 | Lair:4   | Noticed a dire elephant
 12531 | Lair:4   | Found a transporter.
 12548 | Lair:4   | Found a transporter.
 12678 | Lair:4   | Found a staircase to the Snake Pit.
 12695 | Lair:4   | Found a staircase to the Swamp.
 13426 | Lair:5   | Found a gate leading to a gauntlet.
 13432 | Gauntlet | Entered a Gauntlet
 13432 | Gauntlet | Found a transporter.
 13458 | Gauntlet | Found a transporter.
 13469 | Gauntlet | Found a transporter.
 13472 | Gauntlet | Found a transporter.
 13476 | Gauntlet | Found a runed translucent door.
 13476 | Gauntlet | Found a runed translucent door.
 13481 | Gauntlet | Found a transporter.
 13481 | Gauntlet | Noticed a reaper
 13495 | Gauntlet | Noticed a dire elephant
 13497 | Gauntlet | Found a transporter.
 13508 | Gauntlet | Found a transporter.
 13518 | Gauntlet | Found a transporter.
 13532 | Gauntlet | Found a transporter.
 13544 | Gauntlet | Found a transporter.
 13546 | Gauntlet | Found a transporter.
 13586 | Gauntlet | Found a transporter.
 13600 | Gauntlet | Found a transporter.
 13603 | Gauntlet | Found a runed translucent door.
 13677 | Gauntlet | Found a transporter.
 13736 | Gauntlet | Killed a reaper
 13744 | Gauntlet | Reached skill level 8 in Shields
 13749 | Gauntlet | Identified the +2 cloak of the First Knives {Will++ Int-3
                  | Dex+4}
 13778 | Gauntlet | Identified the amulet of Xom's Flight of Fancy {Faith
                  | Stlth+}
 13778 | Gauntlet | Noticed a minotaur
 13788 | Gauntlet | Killed a minotaur
 13827 | Gauntlet | Identified the +0 plate armour of Patience {Stlth+}
 13828 | Gauntlet | Got Sif Muna's Handbook of the Big Bang
 14196 | Lair:5   | Found a viscous altar of Jiyva.
 14196 | Lair:5   | Found a staircase to the Slime Pits.
 14203 | Lair:5   | Reached XP level 14. HP: 133/140 MP: 16/16
 14596 | Lair:6   | Entered Level 6 of the Lair of Beasts
 14662 | Lair:6   | Reached skill level 9 in Shields
 14906 | Lair:6   | Reached skill level 10 in Fighting
 15453 | Lair:6   | Reached skill level 10 in Shields
 15530 | Lair:6   | Identified the +0 lajatang "Raixip" {flame, rF+ Will+++
                  | Dex+4 SInv}
 15651 | Lair:6   | Found a corrupted altar of Lugonu.
 15651 | Lair:6   | Found a one-way gate to the infinite horrors of the Abyss.
 15997 | Orc:1    | Entered Level 1 of the Orcish Mines
 16008 | Orc:1    | Noticed Erica
 16014 | Orc:1    | Killed Erica
 16056 | Orc:1    | Noticed Josephine
 16069 | Orc:1    | Killed Josephine
 16070 | Orc:1    | Reached skill level 11 in Shields
 16102 | Orc:1    | Noticed Urug
 16115 | Orc:1    | Killed Urug
 16373 | Orc:2    | Entered Level 2 of the Orcish Mines
 16373 | Orc:2    | Found a staircase to the Elven Halls.
 16870 | Orc:2    | Found Fisur's Magic Scroll Shoppe.
 16870 | Orc:2    | Found Zatoihuo's Distillery.
 16872 | Orc:2    | Found Exticr Itsel's Armour Shop.
 16874 | Orc:2    | Found Dearrergh's General Store.
 16878 | Orc:2    | Bought a scroll of magic mapping for 49 gold pieces
 16878 | Orc:2    | Bought a scroll of teleportation for 42 gold pieces
 16878 | Orc:2    | Bought a scroll of teleportation for 42 gold pieces
 16886 | Orc:2    | Bought a scroll of enchant armour for 105 gold pieces
 17220 | D:12     | Reached XP level 15. HP: 138/152 MP: 17/17
 17310 | D:12     | Found a sacrificial altar of Ru.
 17371 | D:12     | Reached skill level 12 in Shields
 17480 | D:12     | Found a blossoming altar of Fedhas.
 17886 | D:12     | Identified the +1 robe of Polish {rCorr Str+3 Int+4}
 18061 | D:13     | Got the Grimoire of the Excruciating Arsonist
 18506 | D:13     | Reached skill level 13 in Shields
 18696 | D:14     | Found a gate to the Vaults.
 18990 | D:14     | Reached skill level 14 in Shields
 19585 | D:15     | Entered Level 15 of the Dungeon
 19931 | D:15     | Noticed a storm dragon
 19931 | D:15     | a dire elephant changed into a storm dragon
 19936 | D:15     | a storm dragon changed into a quicksilver ooze
 20057 | D:15     | Found a shadowy altar of Dithmenos.
 20144 | D:15     | Reached skill level 15 in Shields
 20164 | D:15     | Reached XP level 16. HP: 113/162 MP: 5/18
 20442 | D:15     | Found a staircase to the Depths.
 20802 | Elf:1    | Entered Level 1 of the Elven Halls
 21366 | Elf:1    | Found a radiant altar of Vehumet.
 21375 | Elf:1    | Paralysed by an air elemental for 1 turns
 21377 | Elf:1    | Paralysed by an air elemental for 1 turns
 21594 | Elf:1    | Paralysed by an air elemental for 1 turns
 21624 | Elf:1    | Noticed an Executioner
 21655 | Elf:1    | Found a runed translucent gate.
 21655 | Elf:1    | Found a runed translucent gate.
 21655 | Elf:1    | Found a runed translucent gate.
 21655 | Elf:1    | Found a runed translucent gate.
 21655 | Elf:1    | Found a runed translucent gate.
 21656 | Elf:1    | Noticed a storm dragon
 21657 | Elf:1    | Found a runed translucent gate.
 21676 | Elf:1    | Got the Collected Works on the Traveller
 21888 | Elf:2    | Found Alli's General Store.
 21895 | Elf:2    | Bought a scroll of immolation for 52 gold pieces
 22001 | Elf:2    | Found Noxis's Weapon Boutique.
 22007 | Elf:2    | Found Nehurr's Antique Weapon Shop.
 22062 | Elf:2    | Found a runed translucent gate.
 22062 | Elf:2    | Found a runed translucent gate.
 22065 | Elf:2    | Found a runed translucent gate.
 22146 | Elf:2    | Reached XP level 17. HP: 88/172 MP: 15/21
 22173 | Elf:2    | Paralysed by an air elemental for 1 turns
 22178 | Elf:2    | Paralysed by an air elemental for 1 turns
 22196 | Elf:2    | Found Amewuh's Assorted Antiques.
 22663 | Elf:3    | Entered Level 3 of the Elven Halls
 22731 | Elf:3    | Found a transporter.
 22731 | Elf:3    | Found a transporter.
 22741 | Elf:3    | Noticed a deep elf blademaster
 22741 | Elf:3    | Noticed Pooter's ghost (adept MiBe)
 22742 | Elf:3    | Found a bloodstained altar of Trog.
 22742 | Elf:3    | Noticed a deep elf blademaster
 22831 | Elf:3    | Found Kicam's Self-Improvement Boutique.
 22839 | Elf:3    | Bought a manual of Transmutations for 1120 gold pieces
 23056 | Elf:3    | Noticed a Tzitzimitl
 23056 | Elf:3    | Killed from afar by a deep elf annihilator

Illustrated notes

Levels and vault maps discovered:
D:1:      minmay_arrival_solitary_statue, layout_basic, grunt_decor_one_mirror
D:2:      layout_basic, serial_rivers, chequers_serial_rivers_marsh,
          chequers_serial_rivers_micro_c, chequers_serial_rivers_micro_e,
          chequers_serial_rivers_small_a, chequers_serial_rivers_micro_d,
          chequers_serial_rivers_micro_d,
          shapermc_ecumenical_altar_mp_ritualfount
D:3:      layout_basic, lemuel_crystal_altar, kennysheep_nub
D:4:      layout_basic, serial_shops, shop, nicolae_specific_store,
          nicolae_shop_sticking_my_neck_out
D:5:      layout_gridville, nrook_uturn, bh_walls_and_bars, uniq_sigmund,
          uniq_eustachio, uniq_grinder
D:6:      layout_loops_ring, lemuel_mausoleum_altar_yredelemnul,
          minmay_temple_entry_proselytizer, serial_rivers,
          chequers_serial_rivers_micro_e, chequers_serial_rivers_micro_e,
          chequers_serial_rivers_small_3, chequers_serial_rivers_room_b
D:7:      layout_basic, nemelex_xobeh_ov_fountains_minmay,
          lemuel_coloured_pillars_altar
D:8:      layout_loops_ring, kennysheep_okawaru_gauntlet, erik_lair_island,
          hangedman_abyss_or_decor_stabs, kb_rosetta, uniq_harold, uniq_maurice,
          uniq_pikel
D:9:      layout_cave_pools, trog_antimagical, old_standard_altar, orc_0_dummy,
          enter_bailey_3
D:10:     layout_rooms, grunt_temple_overflow_diamond
D:11:     layout_basic, uniq_sonja, uniq_fannar
D:12:     layout_irregular_city, kennysheep_flooded_box,
          fedhas_bush_and_centaur_altar
D:13:     layout_cave_pools, grunt_decor_resistance
D:14:     layout_roguey [special_room_orc],
          hangedman_vaults_entry_quadrant_bands, serial_glass, glass_columns_b,
          glass_columns_b, chequers_arboretum, nicolae_looking_at_the_future
D:15:     gammafunk_enter_depths_forms, layout_irregular_city,
          grunt_dithmenos_smoke_and_mirrors, hangedman_aviary
Temple:   minmay_temple_bridge_abc
Lair:1:   layout_long_grid, grunt_megastairs_4, uniq_nergalle
Lair:2:   layout_cave_pods, basic_altar, enter_volcano_1,
          cheibrodos_lair_reptile_den, serial_bayou_shore_b,
          infiniplex_staircase_pool_2, lemuel_fruit_tree
Lair:3:   minmay_lair_oklob_tunnel, layout_regular_city, wad_woods_river_03,
          serial_bayou_crossing
Lair:4:   layout_gridlike, minmay_swamp_entry_worms,
          guppyfry_snake_entry_island, gammafunk_ghost_arena, basic_altar,
          special_room [special_room_mythical_zoo]
Lair:5:   layout_regular_city, slime_altar_1, gauntlet_entry_generic,
          serial_bayou_pond_e
Lair:6:   hellmonk_lair_end_abyssal_woods, layout_regular_city
Orc:1:    layout_caves, uniq_erica, uniq_urug, uniq_josephine
Orc:2:    st_orc_rangers, layout_caves
Elf:1:    eino_elf_arrival_shootout, layout_gridlike, basic_altar, orc_legates
Elf:2:    elven_hall_of_blades_hangedman_original [nicolae_blade_lattice],
          layout_geoelf_diagonals, serial_shops, shop_coins,
          nicolae_stop_n_shop_1, shop, nicolae_shop_stone
Elf:3:    minmay_elf_hall_curves, layout_onion_city,
          gammafunk_ghost_wrathful_warriors, nicolae_shop_self_help

Skill      XL: |  1  2  3  4  5  6  7  8  9 10 11 12 13 14 15 16 17 |
---------------+----------------------------------------------------+-----
Fighting       | 2 3 4 5 6 7 8 9 10 11 12 | 12.5
Unarmed Combat | 3 4 5 7 8 9 10 11 12 | 12.8
Translocations | 3 4 5 6 7 8 |  8.1
Throwing       | 3 5 6 7 8 |  8.5
Shields        | 2 4 5 6 8 11 15 | 15.0
Invocations    | 1 4 5 7 8 |  8.1
Evocations     | 1 3 4 5 |  5.0
Dodging        | 3 4 6 |  6.0
Armour         | 3 4 |  4.0
Spellcasting   | |  1.2

Action                   |  1- 3 |  4- 6 |  7- 9 | 10-12 | 13-15 | 16-18 || total
-------------------------+-------+-------+-------+-------+-------+-------++-------
Melee: Unarmed           |   101 |   139 |   231 |   558 |  1146 |   405 ||  2580
       Punch             |     2 |     1 |     3 |    47 |    71 |       ||   124
Throw: Dart              |       |     3 |     7 |    55 |       |       ||    65
       Boomerang         |       |       |     2 |    70 |    62 |    45 ||   179
       Throwing net      |       |       |       |     1 |       |       ||     1
       Javelin           |       |       |       |       |    11 |     7 ||    18
 Cast: Blink             |       |     2 |       |     8 |    26 |     4 ||    40
       Apportation       |       |       |       |    13 |     1 |       ||    14
Invok: Slouch            |       |       |       |       |    13 |     9 ||    22
Evoke: Wand              |       |       |       |    17 |    18 |    18 ||    53
  Use: Scroll            |       |     4 |     8 |    16 |    10 |     4 ||    42
       Potion            |       |       |       |     1 |     1 |     4 ||     6
 Stab: Sleeping          |     2 |       |     1 |     4 |     3 |     2 ||    12
       Paralysed         |       |       |       |     4 |       |       ||     4
       Held in net/web   |       |       |       |     1 |       |       ||     1
       Distracted        |       |       |       |       |     2 |     1 ||     3
Armor: Robe              |    47 |    44 |    78 |   225 |       |       ||   394
       Troll leather arm |       |       |       |    80 |   448 |    68 ||   596
Dodge: Dodged            |    57 |    53 |    95 |   346 |   829 |   118 ||  1498
Block: Kite shield       |       |       |       |       |   227 |       ||   227
       Tower shield      |       |       |       |       |   113 |   333 ||   446

Table legend: (Time is in decaauts)
 A = Elapsed time spent in this place.
 B = Non-inter-level travel time spent in this place.
 C = Inter-level travel time spent in this place.
 D = Time resting spent in this place.
 E = Time spent auto-exploring this place.
 F = Levels seen in this place.
 G = Mean time per level.
                   A        B        C        D        E       F      G
               +--------+--------+--------+--------+--------+-----+--------+
         Total |  34123 |  31271 |   2852 |    208 |  23708 |  29 | 1176.7 |
       Dungeon |  16846 |  15028 |   1818 |     49 |  11632 |  15 | 1123.1 |
        Temple |     80 |     46 |     34 |      0 |     41 |   1 |   80.0 |
          Lair |  10320 |   9602 |    718 |     91 |   7664 |   6 | 1720.0 |
  Orcish Mines |   2076 |   1944 |    132 |      0 |   1543 |   2 | 1038.0 |
   Elven Halls |   3531 |   3383 |    148 |      0 |   2283 |   3 | 1177.0 |
        Bailey |    574 |    574 |      0 |     68 |    234 |   1 |  574.0 |
      Gauntlet |    693 |    693 |      0 |      0 |    310 |   1 |  693.0 |
               +--------+--------+--------+--------+--------+-----+--------+

Top non-repeatable levels by time:
  Lair:3: 2050 daAuts
  Lair:4: 2043 daAuts
  Lair:6: 1974 daAuts
    D:15: 1730 daAuts
    D:14: 1694 daAuts
   Elf:1: 1679 daAuts
     D:8: 1585 daAuts
  Lair:2: 1520 daAuts
    D:12: 1510 daAuts
    D:11: 1446 daAuts
  Lair:5: 1441 daAuts
  Lair:1: 1289 daAuts
   Elf:2: 1251 daAuts
     D:9: 1210 daAuts
   Orc:2: 1128 daAuts
